NWL (28 & UNDER)
BISMARCK BARONS @ SAN DIEGO SMASHERS
06/11/2023
 
TOP OF THE 1ST
Bismarck Barons batting - Pitching for San Diego Smashers : LHP John Lawson
Pitching: LHP John Lawson
Batting: RHB Miguel Hernández 0-0: Ball
1-0: Called Strike
1-1: Fly out, F8 (Flyball, 8RS)
Batting: RHB Paul Ladd 0-0: Ball
1-0: Foul Ball, location: 2F
1-1: Ball
2-1: Ball
3-1: Fly out, F9 (Flyball, 89M)
Batting: RHB Nobuharu Hoshino 0-0: Ball
1-0: Ball
2-0: Called Strike
2-1: Foul Ball, location: 2F
2-2: Foul Ball, location: 2F
2-2: Ground out 5-3 (Groundball, 56)
Top of the 1st over - 0 run(s), 0 hit(s), 0 error(s), 0 left on base; Bismarck 0 - San Diego 0
BOTTOM OF THE 1ST
San Diego Smashers batting - Pitching for Bismarck Barons : LHP Ron Hamilton
Pitching: LHP Ron Hamilton
Batting: RHB Luis Peña 0-0: Ground out 5-3 (Groundball, 5S)
Batting: LHB Pedro Cruz 0-0: SINGLE (Groundball, 6MD)
Batting: LHB António Glaviz 0-0: Ball
1-0: Ball
2-0: Called Strike
2-1: Ball
3-1: Called Strike
3-2: Strikes out swinging
Batting: SHB Yoshitoki Kouda 0-0: Called Strike
0-1: Foul Ball, location: 2F
0-2: Ball
1-2: Strikes out swinging
Bottom of the 1st over - 0 run(s), 1 hit(s), 0 error(s), 1 left on base; Bismarck 0 - San Diego 0
TOP OF THE 2ND
Bismarck Barons batting - Pitching for San Diego Smashers : LHP John Lawson
Batting: RHB José Tamayo 0-0: Called Strike
0-1: Foul Ball, location: 2F
0-2: Strikes out swinging
Batting: RHB Jorge Espinosa 0-0: Ball
1-0: Ground out 4-3 (Groundball, 4)
Batting: SHB Dave Lee 0-0: Called Strike
0-1: Ball
1-1: Swinging Strike
1-2: Ball
2-2: Foul Ball, location: 2F
2-2: Ball
3-2: SINGLE (Line Drive, 34)
Batting: SHB Lester Olsen 0-0: Foul Ball, location: 2F
0-1: SINGLE (Line Drive, 34)
Dave Lee to second
Runner from 2nd tries for 3rd, OUT!
Top of the 2nd over - 0 run(s), 2 hit(s), 0 error(s), 1 left on base; Bismarck 0 - San Diego 0
BOTTOM OF THE 2ND
San Diego Smashers batting - Pitching for Bismarck Barons : LHP Ron Hamilton
Batting: RHB Francisco Castillo 0-0: Ground out 1-3 (Groundball, 15S)
Batting: LHB Raúl Guerra 0-0: Ball
1-0: Foul Ball, location: 2F
1-1: Ball
2-1: Foul Ball, location: 2F
2-2: Ball
3-2: Ground out 1-3 (Groundball, 15)
Batting: RHB Miguel Moreno 0-0: Called Strike
0-1: Foul Ball, location: 2F
0-2: Ball
1-2: Ball
2-2: Foul Ball, location: 2F
2-2: Ground out 6-3 (Groundball, 6)
Bottom of the 2nd over - 0 run(s), 0 hit(s), 0 error(s), 0 left on base; Bismarck 0 - San Diego 0
TOP OF THE 3RD
Bismarck Barons batting - Pitching for San Diego Smashers : LHP John Lawson
Batting: RHB Jack Bailey 0-0: Ball
1-0: Foul Ball, location: 2F
1-1: Foul Ball, location: 2F
1-2: SINGLE (Line Drive, 56)
Batting: SHB Chris Griffith 0-0: Called Strike
0-1: Called Strike
0-2: Strikes out swinging
Batting: RHB Miguel Hernández 0-0: Ball
1-0: Foul Ball, location: 2F
1-1: Called Strike
Pickoff Throw to First - Error! E1
Jack Bailey to second
1-2: Ball
2-2: Foul Ball, location: 2F
2-2: Foul Ball, location: 2F
2-2: Foul Ball, location: 2F
2-2: Strikes out looking
Batting: RHB Paul Ladd 0-0: Called Strike
0-1: Foul Ball, location: 2F
0-2: Ball
1-2: Strikes out looking
Top of the 3rd over - 0 run(s), 1 hit(s), 1 error(s), 1 left on base; Bismarck 0 - San Diego 0
BOTTOM OF THE 3RD
San Diego Smashers batting - Pitching for Bismarck Barons : LHP Ron Hamilton
Batting: RHB Cisco Gatán 0-0: Called Strike
0-1: Ball
1-1: Swinging Strike
1-2: Ball
2-2: Strikes out looking
Batting: RHB Justin Burgess 0-0: Called Strike
0-1: Foul Ball, location: 2F
0-2: Ball
1-2: Strikes out swinging
Batting: RHB Luis Peña 0-0: Called Strike
0-1: Called Strike
0-2: Ball
1-2: Foul Ball, location: 2F
1-2: Fly out, F4 (Popup, 4D)
Bottom of the 3rd over - 0 run(s), 0 hit(s), 0 error(s), 0 left on base; Bismarck 0 - San Diego 0
TOP OF THE 4TH
Bismarck Barons batting - Pitching for San Diego Smashers : LHP John Lawson
Batting: RHB Nobuharu Hoshino 0-0: SINGLE (Line Drive, 6MD)
Batting: RHB José Tamayo 0-0: Ball
1-0: Called Strike
1-1: Swinging Strike
1-2: Foul Ball, location: 2F
1-2: Ball
2-2: SINGLE (Groundball, 4MD)
Nobuharu Hoshino to second
Batting: RHB Jorge Espinosa 0-0: Foul Ball, location: 2F
0-1: Foul Ball, location: 2F
0-2: 3-RUN HOME RUN (Line Drive, 78XD), Distance : 418 ft
Batting: SHB Dave Lee 0-0: Called Strike
0-1: Called Strike
0-2: Ball
1-2: Ball
2-2: Ball
3-2: Strikes out swinging
Batting: SHB Lester Olsen 0-0: Called Strike
0-1: Ball
1-1: Ball
2-1: Foul Ball, location: 2F
2-2: SINGLE (Groundball, 6MD)
Batting: RHB Jack Bailey 0-0: Ball
1-0: DOUBLE (Flyball, 7LD)
Lester Olsen to third
Runner from 3rd tries for Home, SAFE, throw made home
Batting: SHB Chris Griffith 0-0: Called Strike
0-1: Ball
1-1: Called Strike
1-2: Ball
2-2: Ball
3-2: Base on Balls
Batting: RHB Miguel Hernández 0-0: Called Strike
0-1: Foul Ball, location: 2F
0-2: Foul Ball, location: 2F
0-2: Fly out, F4 (Popup, 4)
Batting: RHB Paul Ladd 0-0: Foul Ball, location: 2F
0-1: Ball
1-1: Ground out 6-3 (Groundball, 6)
Top of the 4th over - 4 run(s), 5 hit(s), 0 error(s), 2 left on base; Bismarck 4 - San Diego 0
BOTTOM OF THE 4TH
San Diego Smashers batting - Pitching for Bismarck Barons : LHP Ron Hamilton
Batting: LHB Pedro Cruz 0-0: Ball
1-0: Swinging Strike
1-1: Fly out, F5 (Popup, 5SF)
Batting: LHB António Glaviz 0-0: Foul Ball, location: 2F
0-1: Ball
1-1: DOUBLE (Line Drive, 9LM)
Batting: SHB Yoshitoki Kouda 0-0: Ball
António Glaviz steals 3rd base
1-0: Called Strike
1-1: Called Strike
1-2: Foul Ball, location: 2F
1-2: Ball
2-2: Strikes out swinging
Batting: RHB Francisco Castillo 0-0: Called Strike
0-1: Ball
1-1: Ball
2-1: Fly out, F8 (Flyball, 8LXD)
Bottom of the 4th over - 0 run(s), 1 hit(s), 0 error(s), 1 left on base; Bismarck 4 - San Diego 0
TOP OF THE 5TH
Bismarck Barons batting - Pitching for San Diego Smashers : LHP John Lawson
Batting: RHB Nobuharu Hoshino 0-0: Called Strike
0-1: Fly out, F5 (Popup, 2L)
Batting: RHB José Tamayo 0-0: Ball
1-0: Called Strike
1-1: Ball
2-1: SINGLE (Groundball, 56D)
Batting: RHB Jorge Espinosa 0-0: Grounds into double play, 5-4-3 (Groundball, 56)
Top of the 5th over - 0 run(s), 1 hit(s), 0 error(s), 0 left on base; Bismarck 4 - San Diego 0
BOTTOM OF THE 5TH
San Diego Smashers batting - Pitching for Bismarck Barons : LHP Ron Hamilton
Batting: LHB Raúl Guerra 0-0: Called Strike
0-1: Foul Ball, location: 2F
0-2: Ball
1-2: SINGLE (Groundball, 34)
Batting: RHB Miguel Moreno 0-0: SINGLE (Groundball, 23) (infield hit)
Raúl Guerra to second
Batting: RHB Cisco Gatán 0-0: Ball
1-0: Ball
2-0: Ball
3-0: Base on Balls
Raúl Guerra to third
Miguel Moreno to second
Batting: RHB Justin Burgess 0-0: Called Strike
0-1: Swinging Strike
0-2: Strikes out swinging
Batting: RHB Luis Peña 0-0: Fly out, F9 (Flyball, 89M)
Batting: LHB Pedro Cruz 0-0: Ball
1-0: Fly out, F7 (Flyball, 7LM)
Bottom of the 5th over - 0 run(s), 2 hit(s), 0 error(s), 3 left on base; Bismarck 4 - San Diego 0
TOP OF THE 6TH
Bismarck Barons batting - Pitching for San Diego Smashers : LHP John Lawson
Batting: SHB Dave Lee 0-0: Ball
1-0: Ball
2-0: Fly out, F6 (Line Drive, 6)
Batting: SHB Lester Olsen 0-0: Ball
1-0: Swinging Strike
1-1: Swinging Strike
1-2: Ball
2-2: Ball
3-2: Strikes out swinging
Batting: RHB Jack Bailey 0-0: Ball
1-0: Ball
2-0: SINGLE (Line Drive, 7LS)
Pitching: RHP Dan Ford
Batting: SHB Chris Griffith 0-0: Foul Ball, location: 2F
0-1: Ball
1-1: Ball
2-1: Ball
3-1: DOUBLE (Flyball, 78XD)
Jack Bailey to third
Runner from 3rd tries for Home, SAFE, no throw or cutoff
Batting: RHB Miguel Hernández 0-0: Ball
1-0: Swinging Strike
1-1: Ball
2-1: Ball
3-1: Foul Ball, location: 2F
3-2: Fly out, F3 (Popup, 3SF)
Top of the 6th over - 1 run(s), 2 hit(s), 0 error(s), 1 left on base; Bismarck 5 - San Diego 0
BOTTOM OF THE 6TH
San Diego Smashers batting - Pitching for Bismarck Barons : LHP Ron Hamilton
Batting: LHB António Glaviz 0-0: Fly out, F4 (Popup, 4D)
Batting: SHB Yoshitoki Kouda 0-0: Ball
1-0: SINGLE (Groundball, 34S)
Batting: RHB Francisco Castillo 0-0: Ball
1-0: Ball
2-0: Fly out, F8 (Flyball, 8RD)
Batting: LHB Raúl Guerra 0-0: Foul Ball, location: 2F
0-1: Ball
1-1: Ball
2-1: Ground out 6-3 (Groundball, 6)
Bottom of the 6th over - 0 run(s), 1 hit(s), 0 error(s), 1 left on base; Bismarck 5 - San Diego 0
TOP OF THE 7TH
Bismarck Barons batting - Pitching for San Diego Smashers : RHP Dan Ford
Batting: RHB Paul Ladd 0-0: DOUBLE (Groundball, 5L)
Batting: RHB Nobuharu Hoshino 0-0: Foul Ball, location: 2F
0-1: Foul Ball, location: 2F
0-2: Ball
1-2: Strikes out swinging
Batting: RHB José Tamayo 0-0: Ball
1-0: Called Strike
1-1: Foul Ball, location: 2F
1-2: Foul Ball, location: 2F
1-2: Ball
2-2: SINGLE (Groundball, 4MD)
Paul Ladd to third
Runner from 3rd tries for Home, SAFE, throw made home
Batting: RHB Jorge Espinosa 0-0: Called Strike
0-1: Ball
1-1: Foul Ball, location: 2F
1-2: Ball
2-2: Foul Ball, location: 2F
2-2: Fly out, F9 (Flyball, 9M)
Batting: SHB Dave Lee 0-0: Ball
1-0: SINGLE (Groundball, 4M)
José Tamayo to second
Batting: SHB Lester Olsen 0-0: Called Strike
0-1: Foul Ball, location: 2F
0-2: Strikes out swinging
Top of the 7th over - 1 run(s), 3 hit(s), 0 error(s), 2 left on base; Bismarck 6 - San Diego 0
BOTTOM OF THE 7TH
San Diego Smashers batting - Pitching for Bismarck Barons : LHP Ron Hamilton
Batting: RHB Miguel Moreno 0-0: Ball
1-0: Ball
2-0: Ball
3-0: Called Strike
3-1: Base on Balls
Batting: RHB Cisco Gatán 0-0: Ball
1-0: Ball
2-0: Ball
3-0: Base on Balls
Miguel Moreno to second
Batting: RHB Justin Burgess 0-0: Ball
1-0: Ball
2-0: Foul Ball, location: 2F
2-1: Ball
3-1: Base on Balls
Miguel Moreno to third
Cisco Gatán to second
Batting: RHB Luis Peña 0-0: Called Strike
0-1: Ball
1-1: DOUBLE (Line Drive, 7LM)
Miguel Moreno scores
Cisco Gatán scores
Justin Burgess to third
Pitching: LHP Ramón Santos
Batting: LHB Pedro Cruz 0-0: Ball
1-0: Ground out 4-3 (Groundball, 4)
Justin Burgess scores
Luis Peña to third
Batting: LHB António Glaviz 0-0: Fly out, F8 (Flyball, 78D)
Runner from 3rd tags up, SCORES, no throw
Batting: SHB Yoshitoki Kouda 0-0: SINGLE (Groundball, 56D)
Batting: RHB Francisco Castillo 0-0: Ball
1-0: Called Strike
1-1: Fly out, F8 (Flyball, 8RM)
Bottom of the 7th over - 4 run(s), 2 hit(s), 0 error(s), 1 left on base; Bismarck 6 - San Diego 4
TOP OF THE 8TH
Bismarck Barons batting - Pitching for San Diego Smashers : RHP Dan Ford
Batting: RHB Jack Bailey 0-0: Called Strike
0-1: Ground out 1-3 (Groundball, 15S)
Batting: SHB Chris Griffith 0-0: Called Strike
0-1: Called Strike
0-2: Ground out 1-3 (Groundball, 15)
Batting: RHB Miguel Hernández 0-0: Called Strike
0-1: Swinging Strike
0-2: Ball
1-2: Ball
2-2: Ball
3-2: SINGLE (Line Drive, 8LS)
Batting: RHB Paul Ladd 0-0: Ball
1-0: Ball
2-0: Fly out, F4 (Popup, 4)
Top of the 8th over - 0 run(s), 1 hit(s), 0 error(s), 1 left on base; Bismarck 6 - San Diego 4
BOTTOM OF THE 8TH
San Diego Smashers batting - Pitching for Bismarck Barons : LHP Ramón Santos
Now at C: Eric Peterson
Now in RF: Lorenzo Núñes
Batting: LHB Raúl Guerra 0-0: Called Strike
0-1: Ball
1-1: Fly out, F9 (Flyball, 89D)
Batting: RHB Miguel Moreno 0-0: Called Strike
0-1: Foul Ball, location: 2F
0-2: SINGLE (Line Drive, 8LS)
Pitching: RHP Mike Hodges
Batting: RHB Cisco Gatán 0-0: Foul Ball, location: 2F
0-1: Called Strike
0-2: Ball
1-2: Ball
2-2: Grounds into double play, 4-6-3 (Groundball, 34)
Bottom of the 8th over - 0 run(s), 1 hit(s), 0 error(s), 0 left on base; Bismarck 6 - San Diego 4
TOP OF THE 9TH
Bismarck Barons batting - Pitching for San Diego Smashers : RHP Dan Ford
Batting: RHB Nobuharu Hoshino 0-0: Ball
1-0: Called Strike
1-1: Foul Ball, location: 2F
1-2: Ball
2-2: Ball
3-2: Foul Ball, location: 2F
3-2: DOUBLE (Line Drive, 5D)
Pitching: RHP Alberto Ortega
Batting: RHB José Tamayo 0-0: Called Strike
0-1: Ground out 1-3 (Groundball, 13S)
Nobuharu Hoshino to third
Batting: RHB Jorge Espinosa 0-0: Called Strike
0-1: Called Strike
0-2: Ground out 5-3 (Groundball, 5S)
Batting: SHB Dave Lee 0-0: Ground out U3 (Groundball, 3S)
Top of the 9th over - 0 run(s), 1 hit(s), 0 error(s), 1 left on base; Bismarck 6 - San Diego 4
BOTTOM OF THE 9TH
San Diego Smashers batting - Pitching for Bismarck Barons : RHP Mike Hodges
Pitching: RHP Felix Carrado
Batting: RHB Justin Burgess 0-0: Foul Ball, location: 2F
0-1: Called Strike
0-2: Foul Ball, location: 2F
0-2: Foul Ball, location: 2F
0-2: Foul Ball, location: 2F
0-2: Foul Ball, location: 2F
0-2: Foul Ball, location: 2F
0-2: Ball
1-2: Strikes out swinging
Batting: RHB Luis Peña 0-0: Ball
1-0: Called Strike
1-1: Foul Ball, location: 2F
1-2: Strikes out swinging
Batting: LHB Pedro Cruz 0-0: Called Strike
0-1: Called Strike
0-2: Foul Ball, location: 2F
0-2: Ball
1-2: Fly out, F6 (Popup, 56D)
Bottom of the 9th over - 0 run(s), 0 hit(s), 0 error(s), 0 left on base; Bismarck 6 - San Diego 4
This league is powered by Out of the Park Baseball, the baseball management simulation game for PC, Mac and Linux
Wednesday, December 2nd, 2015 - OOTP Baseball 16.8 Build 38